 Dungeon Crawl Stone Soup version 0.22-a0-305-gd21a89c (webtiles) character file.

834 mhoghedin the Reanimator (level 7, -7/52 HPs)
             Began as a Mummy Necromancer on Mar 28, 2018.
             Mangled by a two-headed ogre
             ... wielding a +0 giant club
              (9 damage)
             ... on level 6 of the Dungeon.
             The game lasted 00:13:01 (6177 turns).

mhoghedin the Reanimator (Mummy Necromancer)        Turns: 6177, Time: 00:13:02

Health: -7/52      AC:  7    Str: 11    XL:     7   Next: 66%
Magic:  4/13       EV: 11    Int: 16    God:
Gold:   221        SH:  0    Dex: 13    Spells: 5/14 levels left

rFire    x . .     SeeInvis .   b - +1 dagger (venom)
rCold    + + .     Gourm    .   (no shield)
rNeg     + + +     Faith    .   c - +2 leather armour {rC+}
rPois    ∞         Spirit   .   h - +0 helmet (curse)
rElec    .         Reflect  .   (no cloak)
rCorr    .         Harm     .   (no gloves)
MR       .....                  g - +0 pair of boots
Stlth    ++........             (no amulet)
HPRegen  0.17/turn              (no ring)
MPRegen  0.13/turn              (no ring)

@: about to teleport
A: no food or potions, fire vulnerability, cold resistance 1, negative energy
resistance 3, torment resistance, unbreathing
a: no special abilities


You were on level 6 of the Dungeon.
You were not hungry.

You visited 1 branch of the dungeon, and saw 6 of its levels.

You collected 221 gold pieces.

Inventory:

Hand Weapons
 b - a +1 dagger of venom (weapon)
   (You found it on level 1 of the Dungeon)
Missiles
 l - 2 throwing nets {=f, !d}
Armour
 a - a +0 robe
 c - a +2 leather armour of cold resistance (worn)
   (You found it on level 5 of the Dungeon)
 g - a +0 pair of boots (worn)
   (You found it on level 1 of the Dungeon)
 h - a cursed +0 helmet (worn)
   (You found it on level 3 of the Dungeon)
Wands
 i - a wand of iceblast (6)
   (You found it on level 2 of the Dungeon)
Scrolls
 d - a scroll of teleportation
 e - a scroll of blinking {!r}
 f - a scroll of enchant armour
 j - 3 scrolls of remove curse
 k - a scroll of magic mapping {!r}


   Skills:
 + Level 3.2 Fighting
 + Level 2.0 Short Blades
 - Level 1.5 Dodging
 - Level 1.5 Stealth
 - Level 4.0 Spellcasting
 - Level 8.0 Necromancy


You had 5 spell levels left.
You knew the following spells:

 Your Spells              Type           Power        Failure   Level  Hunger
a - Pain                  Necr           ####         1%          1    N/A
b - Animate Dead          Necr           N/A          8%          4    N/A
x - Vampiric Draining     Necr           ####......   2%          3    N/A
A - Animate Skeleton      Necr           N/A          1%          1    N/A

Dungeon Overview and Level Annotations

Branches:
Dungeon (6/15)
 Temple: D:4-7

Altars:
Makhleb
Trog

Annotations:
D:5 Nattefrost's ghost, novice OgHu


Innate Abilities, Weirdness & Mutations

You do not eat or drink.
Your flesh is vulnerable to fire.
You are immune to poison.
Your flesh is cold resistant. (rC+)
You are immune to negative energy. (rN+++)
You are immune to unholy pain and torment.
You can survive without breathing.


Message History

That item cannot be evoked!
The mass of ice explodes!
The iceblast engulfs Menkaure.
Menkaure partially resists.
You destroy Menkaure!
Your Short Blades skill gained 2 levels and is now at level 2!
An orc comes into view. It is wielding a hand axe.
The orc hits you with a war axe.
You take 1 damage, and have 51/52 hp.
You hit the orc.
The orc is poisoned.
The orc barely misses you.
You hit the orc.
The orc looks even sicker.
You closely miss the orc. The orc closely misses you.
Health restored: 52 You barely miss the orc.
The orc hits you but does no damage. The orc barely misses you.
Unknown command.
You hit the orc but do no damage.
The orc looks as sick as possible!
The orc closely misses you.
You hit the orc but do no damage.
The orc looks as sick as possible!
The orc hits you but does no damage.
You barely miss the orc. The orc closely misses you. x2
You closely miss the orc.
You kill the orc!
The orc hits you but does no damage.
You closely miss the orc. The orc hits you with a hand axe.
You take 3 damage, and have 49/52 hp.
You barely miss the orc. The orc closely misses you.
You hit the orc.
The orc is poisoned.
The orc hits you with a hand axe.
Items here: )) [[ † a war axe; a ring mail x2; a mace; an orc corpse You take 2 damage, and have 48/52 hp.
You hit the orc.
You kill the orc!
You see here a hand axe.
Items here: )) [[ † a war axe; a ring mail x2; a mace; an orc corpse
Things that are here:
a short sword; an orc corpse
Items here: )) [[ † a war axe; a ring mail x2; a mace; an orc corpse Nattefrost's ghost (novice Ogre Hunter) comes into view.
You regained 2 hp, and now have 51/52 hp.
MP restored: 13 Health restored: 52
Here: Nattefrost's ghost The floor.
Unknown command.
Nattefrost's ghost says, "Are you willing to die fighting?
I was!"
Nattefrost's ghost makes a sound of rattling chains.
Nattefrost's ghost wails, "There is no future for me!"
Nattefrost's ghost lets out a mournful wail.
There is a stone staircase leading down here.
Nattefrost's ghost hits you but does no damage.
You climb downwards.
There is a stone staircase leading up here.
A gnoll comes into view. It is wielding a club.
The gnoll shouts!
You hear a shout!
A gnoll comes into view. It is wielding a club.
Aim: a gnoll, wielding a club (chance to defeat MR: 89%)
The gnoll barely resists.
A gnoll comes into view. It is wielding a spear.
You now have 12/13 mp.
The gnoll shouts!
A two-headed ogre comes into view.
It is wielding a giant club and a giant spiked club.
MP restored: 13 You hit the gnoll but do no damage.
The gnoll is poisoned.
The gnoll hits you but does no damage.
You barely miss the gnoll.
As you read the scroll of teleportation, it crumbles to dust.
You feel strangely unstable. The gnoll hits you with a club!
You take 8 damage, and have 44/52 hp.
Unknown command.
You hit the gnoll but do no damage.
The gnoll hits you from afar with a spear.
The gnoll hits you with a club!
You take 9 damage, and have 35/52 hp.
Aim: a two-headed ogre, wielding a giant club and a giant spiked club You feel life coursing into your body.
The gnoll completely misses you.
The two-headed ogre hits you with a giant club!!
The two-headed ogre barely misses you. The gnoll hits you with a club.
You take 18 damage, and have 17/52 hp.
MASSIVE DAMAGE!!
You now have 10/13 mp.
Aim: a two-headed ogre, wielding a giant club and a giant spiked club (moderately wounded)
You feel life coursing into your body. The gnoll closely misses you.
The gnoll hits you with a club. The two-headed ogre barely misses you.
The two-headed ogre hits you with a giant spiked club!!
* * * LOW HITPOINT WARNING * * *
You take 15 damage, and have 2/52 hp.
MASSIVE DAMAGE!!
You now have 7/13 mp.
Aim: a two-headed ogre, wielding a giant club and a giant spiked club (moderately wounded)
You feel life coursing into your body.
The gnoll hits you from afar with a spear.
* * * LOW HITPOINT WARNING * * *
The gnoll hits you with a club.
* * * LOW HITPOINT WARNING * * *
The two-headed ogre hits you with a giant club!
You die...

... ..# ... ..# . ..
#.# .. #. #.####|#.
# #.##.#......
#..##...........
#......<.#.##.##
.#.##.####g.........
.......O@gg..#..###.
...##.#####.....# #
#..#..... #..##=...
...# ####. #.## #.#
#.#


You could see a two-headed ogre and 3 gnolls.

Vanquished Creatures
  Menkaure (D:5)
  An ice beast (D:5)
  A centaur (D:4)
  A bullfrog (D:3)
  A gnoll sergeant (D:5)
  A gnoll shaman (D:4)
  An orc wizard (D:4)
  An iguana (D:4)
  3 worker ants
  9 gnolls
  5 adders
  2 adder skeletons
  4 worms
  2 dart slugs (D:1)
  6 leopard geckos
  13 orcs
  A ball python (D:1)
  12 bats
  4 giant cockroaches
  3 hobgoblins
  2 quokkas
  6 frilled lizards
  4 goblins
  9 kobolds
  8 rats
101 creatures vanquished.

Vanquished Creatures (collateral kills)
  2 gnolls (D:4)
  An orc (D:3)
  2 goblins
5 creatures vanquished.

Grand Total: 106 creatures vanquished

Notes
Turn   | Place    | Note
-------+----------+-------------------------------------------
     0 | D:1      | mhoghedin the Mummy Necromancer began the quest for the Orb.
     0 | D:1      | Reached XP level 1. HP: 13/13 MP: 4/4
   161 | D:1      | Reached skill level 3 in Spellcasting
   195 | D:1      | Reached XP level 2. HP: 14/19 MP: 6/6
   292 | D:1      | Learned a level 1 spell: Animate Skeleton
   499 | D:1      | HP: 1/19 [worm (8)]
  1333 | D:1      | Reached XP level 3. HP: 24/24 MP: 5/8
  1792 | D:2      | Learned a level 3 spell: Vampiric Draining
  1957 | D:2      | Reached skill level 4 in Spellcasting
  2427 | D:3      | Reached skill level 5 in Necromancy
  2450 | D:3      | Reached XP level 4. HP: 27/30 MP: 2/10
  2639 | D:3      | Noticed a bullfrog
  2646 | D:3      | Killed a bullfrog
  2646 | D:3      | Reached XP level 5. HP: 13/35 MP: 1/11
  2920 | D:3      | Reached skill level 6 in Necromancy
  3110 | D:3      | Learned a level 4 spell: Animate Dead
  3375 | D:4      | Found a bloodstained altar of Trog.
  3871 | D:4      | Noticed a centaur
  3884 | D:4      | HP: 2/35 [centaur/arrow (8)]
  4365 | D:4      | Reached XP level 6. HP: 41/41 MP: 9/12
  4394 | D:4      | Reached skill level 7 in Necromancy
  4964 | D:4      | Reached skill level 8 in Necromancy
  5229 | D:5      | Entered Level 5 of the Dungeon
  5431 | D:5      | Noticed an ice beast
  5457 | D:5      | Killed an ice beast
  5457 | D:5      | Reached skill level 2 in Fighting
  5457 | D:5      | Reached XP level 7. HP: 47/50 MP: 1/13
  5675 | D:5      | Found a burning altar of Makhleb.
  5862 | D:5      | Reached skill level 3 in Fighting
  6074 | D:5      | Noticed Menkaure
  6097 | D:5      | Killed Menkaure
  6097 | D:5      | Reached skill level 2 in Short Blades
  6127 | D:5      | Noticed Nattefrost's ghost (novice OgHu)
  6168 | D:6      | Noticed a two-headed ogre
  6176 | D:6      | HP: 2/52 [two-headed ogre/giant club (18)]
  6177 | D:6      | Mangled by a two-headed ogre

Vault maps used:
D:1:      dpeg_arrival_brainrot
D:3:      hex_large, serial_bayou_lagoon_a, due_unseen_surprise
D:4:      hangedman_decor_growths, bloody_trog
D:5:      first_ration, basic_altar, serial_bayou, serial_bayou_pond_b,
          serial_bayou_pond_a, serial_bayou_shore_b, serial_bayou_pond_e,
          serial_bayou_pond_d, minmay_misc_feat_tower, uniq_menkaure
D:6:      kennysheep_mini, serial_bayou_pond_c

Skill      XL: |  1  2  3  4  5  6  7 |
---------------+----------------------+-----
Spellcasting   | 3 4 |  4.0
Necromancy     | 5 6 8 |  8.0
Fighting       | 2 3 |  3.2
Short Blades   | 2 |  2.0
Dodging        | |  1.5
Stealth        | |  1.5

Action                   |  1- 3 |  4- 6 |  7- 9 || total
-------------------------+-------+-------+-------++-------
Melee: Dagger            |    49 |    38 |    52 ||   139
 Cast: Pain              |    67 |    95 |    17 ||   179
       Animate Skeleton  |     8 |     2 |       ||    10
       Vampiric Draining |       |     9 |     5 ||    14
Evoke: Wand              |       |       |     5 ||     5
  Use: Scroll            |     3 |     2 |     3 ||     8
 Stab: Sleeping          |     4 |       |     1 ||     5
Armor: Robe              |    14 |     9 |    11 ||    34
       Leather armour    |       |       |     5 ||     5
Dodge: Dodged            |    21 |    40 |    35 ||    96

Table legend:
 A = Spawn XP
 B = Non-spawn XP
 C = Spawn XP percentage of total XP
 D = Spawn monster count
 E = Non-spawn monster count
 F = Spawn count percentage of total count
 G = Total turns spent on level
                    A         B        C        D         E        F      G
               +---------+---------+-------+---------+---------+-------+---------
         Total |       0 |    1192 |   0.0 |       0 |     106 |   0.0 |  6177
               +---------+---------+-------+---------+---------+-------+---------
           D:1 |       0 |      42 |   0.0 |       0 |      22 |   0.0 |  1439
           D:2 |       0 |      39 |   0.0 |       0 |      15 |   0.0 |   800
           D:3 |       0 |     206 |   0.0 |       0 |      26 |   0.0 |  1710
           D:4 |       0 |     441 |   0.0 |       0 |      27 |   0.0 |  1298
           D:5 |       0 |     464 |   0.0 |       0 |      16 |   0.0 |   913
               +---------+---------+-------+---------+---------+-------+---------

Vault maps used:
D:1:      dpeg_arrival_brainrot
D:3:      hex_large, serial_bayou_lagoon_a, due_unseen_surprise
D:4:      hangedman_decor_growths, bloody_trog
D:5:      first_ration, basic_altar, serial_bayou, serial_bayou_pond_b,
          serial_bayou_pond_a, serial_bayou_shore_b, serial_bayou_pond_e,
          serial_bayou_pond_d, minmay_misc_feat_tower, uniq_menkaure
D:6:      kennysheep_mini, serial_bayou_pond_c

Table legend:
 A = Turns spent in this place as a percentage of turns spent in the entire game.
 B = Non-inter-level travel turns spent in this place as a percentage of non-inter-level travel turns spent in the entire game.
 C = Inter-level travel turns spent in this place as a percentage of turns spent in this place.
 D = Turns resting spent in this place as a percentage of non-inter-level travel turns spent in this place.
 E = Turns spent auto-exploring this place as a percentage of non-inter-level travel turns spent in this place.
 F = Non-inter-level travel turns spent in this place divided by the number of levels of this place that you've seen.
                   A       B       C       D       E      F
               +-------+-------+-------+-------+-------+----------------------
         Total | 100.0 | 100.0 |   3.3 |  40.5 |  43.0 | 995.8
       Dungeon | 100.0 | 100.0 |   3.3 |  40.5 |  43.0 | 995.8
               +-------+-------+-------+-------+-------+----------------------

Table legend:
 A = Kills in this place as a percentage of kills in entire the game.
 B = Kills by you in this place as a percentage of kills by you in the entire game.
 C = Kills by friends in this place as a percentage of kills by friends in the entire game.
 D = Other kills in this place as a percentage of other kills in the entire game.
 E = Experience gained in this place as a percentage of experience gained in the entire game.
 F = Experience gained in this place divided by the number of levels of this place that you have seen.
                   A       B       C       D       E      F
               +-------+-------+-------+-------+-------+----------------------
         Total | 100.0 | 100.0 | 100.0 |   N/A | 100.0 | 198.7
       Dungeon | 100.0 | 100.0 | 100.0 |   N/A | 100.0 | 198.7
               +-------+-------+-------+-------+-------+----------------------
